 Dungeon Crawl Stone Soup version 0.32-a0-660-g97ce250973 (webtiles) character file.

Game seed: 9168161681290421382

122 HessuHobo the Ruffian (level 4, 0/45 HPs)
             Began as a Troll Berserker on Mar 9, 2024.
             Was a Believer of Trog.
             Succumbed to Blork the orc's poison
             ... on level 4 of the Dungeon.
             The game lasted 00:01:37 (845 turns).

HessuHobo the Ruffian (Troll Berserker)              Turns: 845, Time: 00:01:37

Health: 0/45       AC:  4    Str: 27    XL:     4   Next: 78%
Magic:  3/3        EV: 10    Int:  3    God:    Trog [**....]
Gold:   79         SH:  0    Dex:  9    Spells: 3/3 levels left

rFire   . . .        h - +2 glaive (venom)
rCold   . . .        (shield currently unavailable)
rNeg    . . .        a - +0 animal skin
rPois   .            (helmet restricted)
rElec   .            (no cloak)
rCorr   .            (gloves unavailable)
SInv    .            (boots unavailable)
Will    .....        (no amulet)
Stlth   +            (no ring)
HPRegen 1.07/turn    (no ring)
MPRegen 0.08/turn

%: no passive effects
@: lethally poisoned (0 -> -7), on berserk cooldown, slowed, very slow
A: large, unfitting armour, claws 3, regeneration 1, shaggy fur 1, tough skin 1
a: Renounce Religion, Berserk, Trog's Hand


You were on level 4 of the Dungeon.
You worshipped Trog.
Trog was pleased with you.
You visited 1 branch of the dungeon, and saw 3 of its levels.

You collected 79 gold pieces.

Inventory:

Hand Weapons
 h - a +2 glaive of venom (weapon)
Armour
 a - a +0 animal skin (worn)
Scrolls
 b - a scroll of brand weapon {unknown}
 c - 2 scrolls of noise {unknown}
 d - a scroll of identify {unknown}
 f - a scroll of vulnerability {unknown}
Potions
 e - a potion of enlightenment {unknown}
 g - a potion of curing {unknown}


   Skills:
 + Level 3.1 Fighting
 + Level 1.6 Armour
 + Level 3.1 Dodging
 + Level 3.7 Unarmed Combat


You had 3 spell levels left.
You didn't know any spells.
Your spell library was empty.

Dungeon Overview and Level Annotations

Branches:
Dungeon (2/15)

Altars:


Innate Abilities, Weirdness & Mutations

You are too large for most types of armour.
You have claws for hands.
Your natural rate of healing is unusually fast.
You are covered in fur. (AC +1)
You have tough skin. (AC +1)


Message History

The magic dart hits you.
You claw Blork the orc!
Blork the orc is almost dead.
You feel sick. Blork the orc barely misses you.
You closely miss Blork the orc.
Blork the orc is almost dead.
You feel sick.
Blork the orc hits you with a +2 glaive of venom!
* * * LOW HITPOINT WARNING * * *
You are lethally poisoned!
You closely miss Blork the orc.
Blork the orc is almost dead.
* * * LOW HITPOINT WARNING * * *
You feel very sick. Blork the orc closely misses you.
You claw Blork the orc!
You kill Blork the orc!
Trog accepts your kill.
Trog appreciates your killing of a magic user.
* * * LOW HITPOINT WARNING * * *
You feel very sick.
Your Fighting skill increases to level 3!
Your Dodging skill increases to level 3!
You have reached level 4!
Okay, then.
You are too berserk!
* * * LOW HITPOINT WARNING * * *
You feel very sick.
Things that are here:
a +2 glaive of venom; a +0 robe; the orc corpse of Blork the orc
h - a +2 glaive of venom You feel a strong urge to attack something.
* * * LOW HITPOINT WARNING * * *
You feel very sick.
Your +2 glaive of venom begins to drip with poison!
h - a +2 glaive of venom (weapon)
You are no longer berserk.
You are exhausted.
You feel yourself slow down.
You die...

# ...## ##. ... #..
#.# # #.# #.# #
#.###.###.# .#.
#......##.####....
.#.####...##.........
...........@)........
.#.###.##............
#................
...####...........
#... #....##.##..
..... #..##..... #
##..# #... ...... ...
.#.....♣♣.. ..#.. ..♣


There were no monsters in sight!

Vanquished Creatures
  Blork the orc (D:4)
  A gnoll (D:1)
  An adder (D:2)
  An orc (D:4)
  8 endoplasms
  3 giant cockroaches
  3 goblins
  3 hobgoblins
  2 jackals (D:1)
  A quokka (D:1)
  A ball python (D:1)
  2 bats (D:1)
  3 kobolds (D:1)
  3 rats (D:1)
33 creatures vanquished.

Notes
Turn   | Place    | Note
-------+----------+-------------------------------------------
     0 | D:1      | HessuHobo the Troll Berserker began the quest for the Orb.
     0 | D:1      | Reached XP level 1. HP: 22/22 MP: 0/0
   125 | D:1      | Reached XP level 2. HP: 29/29 MP: 1/1
   356 | D:1      | Reached skill level 1 in Armour
   369 | D:1      | Reached XP level 3. HP: 36/36 MP: 2/2
   740 | D:2      | Found a faded altar of an unknown god.
   819 | D:2      | You fall into a shaft and drop 2 floors!
   826 | D:4      | Noticed Blork the orc
   835 | D:4      | Reached ** piety under Trog
   842 | D:4      | Killed Blork the orc
   843 | D:4      | Reached XP level 4. HP: 7/45 MP: 3/3
   843 | D:4      | HP: 3/67 [poisoned by Blork the orc]
   844 | D:4      | HP: 1/67 [poisoned by Blork the orc]
   845 | D:4      | Succumbed to Blork the orc's poison

Illustrated notes

Levels and vault maps discovered:
D:1:      psy_arrival_heroes, layout_loops_ring
D:2:      layout_basic, chequers_ecumenical_altar_simple_redux
D:4:      layout_rooms, nicolae_wu_jian_wuxing_cycle, serial_curves,
          eino_curves_04, eino_curves_01, hangedman_decor_points,
          chequers_serial_rivers_large_a, hangedman_minor_gate_pass,
          uniq_blork_the_orc

Skill      XL: |  1  2  3 |
---------------+----------+-----
Armour         | 1 |  1.6
Fighting       | 3 |  3.1
Dodging        | 3 |  3.1
Unarmed Combat | |  3.7

Action                     |  1- 3 |  4- 6 || total
---------------------------+-------+-------++-------
  Melee: Unarmed           |    82 |       ||    82
         Punch             |     2 |       ||     2
 Invoke: Berserk           |     1 |       ||     1
 Armour: Animal skin       |    35 |       ||    35
  Dodge: Dodged            |    38 |       ||    38

Table legend: (Time is in decaauts)
 A = Elapsed time spent in this place.
 B = Non-inter-level travel time spent in this place.
 C = Inter-level travel time spent in this place.
 D = Time resting spent in this place.
 E = Time spent auto-exploring this place.
 F = Levels seen in this place.
 G = Mean time per level.
                   A        B        C        D        E       F      G
               +--------+--------+--------+--------+--------+-----+--------+
         Total |    836 |    822 |     14 |      0 |    634 |   3 |  278.7 |
       Dungeon |    836 |    822 |     14 |      0 |    634 |   3 |  278.7 |
               +--------+--------+--------+--------+--------+-----+--------+

Top non-repeatable levels by time:
     D:1: 682 daAuts
     D:2: 131 daAuts
     D:4: 23 daAuts
